 Dungeon Crawl Stone Soup version 0.30-a0-341-g682706514a (webtiles) character file.

Game seed: 9250502320084556965

520 JOEMAMA2 the Slasher (level 7, -2/61 HPs)
             Began as a Minotaur Berserker on Nov 1, 2022.
             Was a Believer of Trog.
             Slain by Edmund
             ... wielding a +2 vorpal dire flail
              (8 damage)
             ... on level 5 of the Dungeon on Nov 2, 2022.
             The game lasted 00:16:19 (4046 turns).

JOEMAMA2 the Slasher (Minotaur Berserker)           Turns: 4046, Time: 00:16:20

Health: -2/61      AC: 13    Str: 21 (23) XL:     7   Next: 1%
Magic:  6/6        EV: 11    Int:  2 (4)  God:    Trog [**....]
Gold:   135        SH:  0    Dex: 10      Spells: 6/6 levels left

rFire   . . .      SeeInvis .    a - +0 falchion
rCold   . . .      Faith    .    (no shield)
rNeg    . . .      Spirit   .    c - +1 ring mail
rPois   .          Reflect  .    (helmet restricted)
rElec   .          Harm     .    (no cloak)
rCorr   .          Rampage  .    u - +0 pair of gloves
Will    .....                    h - +0 pair of boots
Stlth   ..........               (no amulet)
HPRegen 0.30/turn                q - +4 ring of protection
MPRegen 0.10/turn                (no ring)

@: on berserk cooldown, slowed, very slow
A: horns 2, retaliatory headbutt
a: Renounce Religion, Berserk, Trog's Hand


You were on level 5 of the Dungeon.
You worshipped Trog.
Trog was pleased with you.
You visited 1 branch of the dungeon, and saw 5 of its levels.

You collected 135 gold pieces.

Inventory:

Hand Weapons
 a - a +0 falchion (weapon)
 k - a +0 halberd
Missiles
 l - a throwing net (quivered)
Armour
 b - a +0 animal skin
 c - a +1 ring mail (worn)
 h - a +0 pair of boots (worn)
 i - a +0 ring mail
 u - a +0 pair of gloves (worn)
Jewellery
 g - an amulet of faith
 q - a +4 ring of protection (left hand)
Wands
 m - a wand of iceblast (7)
Scrolls
 e - a scroll of torment {unknown}
 f - a scroll of silence {unknown}
 j - a scroll of amnesia
 n - 6 scrolls of identify
 r - a scroll of immolation
 s - a scroll of magic mapping
 t - a scroll of butterflies
 v - 4 scrolls of teleportation
Potions
 d - a potion of curing
 o - a potion of invisibility


   Skills:
 + Level 5.3 Fighting
 + Level 6.6 Long Blades
 - Level 1.1 Polearms
 + Level 4.8 Armour
 + Level 3.7 Dodging


You had 6 spell levels left.
You didn't know any spells.
Your spell library contained the following spells:

 Spells                   Type           Power      Damage    Failure   Level
 Ozocubu's Armour         Ice            0%         N/A       97%         3
 Ozocubu's Refrigeration  Ice            0%         4d7       100%        7


Dungeon Overview and Level Annotations

Branches:
Dungeon (5/15)
 Temple: D:4-7

Altars:
Wu Jian

Annotations:
D:5 Edmund


Innate Abilities, Weirdness & Mutations

You have a pair of horns on your head.
You reflexively headbutt those who attack you in melee.


Message History

You hit Edmund. You headbutt Edmund!!
Edmund is severely wounded.
The orc closely misses you. Edmund hits you but does no damage.
The centaur shoots an arrow.
The arrow closely misses you.
You are too berserk!
You are too berserk!
You feel a strong urge to attack something.
The centaur unwields a +0 shortbow.
The centaur hits you but does no damage.
The centaur barely misses you.
You slash the orc!
You kill the orc!
Trog accepts your kill. The centaur barely misses you. You furiously retaliate!
You headbutt the centaur!
The centaur kicks you but does no damage.
You hit the centaur. You headbutt the centaur.
You kill the centaur!
Trog accepts your kill.
You have reached level 7!
You feel a strong urge to attack something.
You are no longer berserk.
You are exhausted.
You feel yourself slow down.
You feel better.
A scorpion comes into view.
You feel better.
Edmund hits you with a +2 vorpal dire flail.
* * * LOW HITPOINT WARNING * * *
Edmund misses you.
You hit Edmund.
Edmund is severely wounded.
Edmund hits you with a +2 vorpal dire flail.
* * * LOW HITPOINT WARNING * * *
x2 Edmund attacks as you move away!
Edmund hits you with a +2 vorpal dire flail!
* * * LOW HITPOINT WARNING * * *
x2 Edmund barely misses you.
Edmund hits you with a +2 vorpal dire flail!
You die...

............# ......†.....#
#.##.#))....# ##......[###...
#...............
#..#.#..#####.###
.....#.#.s#####...+ ..#.
..##.@.......#
##############..@######
..........#....#.## ### .#
..........'.##.#...###.#+## #..
..........####.###..##.#..# ..##
###########....####.......# #...
##...........####... ###########
#........#.........
..........#####....†...##.#..[...
..........'............+.......>.


You could see Edmund (strong) and a scorpion.

Vanquished Creatures
  A phantom (D:4)
  A centaur (D:5)
  A scorpion (D:4)
  2 hounds
  2 iguanas
  4 gnolls (D:2)
  6 adders
  2 worms
  2 dart slugs
  3 orcs
  7 ball pythons
  5 endoplasms
  6 giant cockroaches
  10 goblins
  4 hobgoblins
  11 jackals
  7 quokkas
  9 bats
  3 frilled lizards
  5 kobolds
  3 rats
94 creatures vanquished.

Notes
Turn   | Place    | Note
-------+----------+-------------------------------------------
     0 | D:1      | JOEMAMA2 the Minotaur Berserker began the quest for the
                  | Orb.
     0 | D:1      | Reached XP level 1. HP: 19/19 MP: 0/0
     0 | D:1      | Noticed an ogre
    12 | D:1      | Noticed a troll
    12 | D:1      | Noticed a barachi
    17 | D:1      | Noticed an elf
    21 | D:1      | Noticed a draconian
    22 | D:1      | Noticed a vine stalker
    26 | D:1      | Noticed a formicid
    26 | D:1      | Noticed a spriggan
    29 | D:1      | Noticed a gargoyle
    31 | D:1      | Noticed a felid
    31 | D:1      | Noticed a human
    33 | D:1      | Noticed a merfolk
    33 | D:1      | Noticed a formicid
    33 | D:1      | Noticed a draconian
    35 | D:1      | Noticed a spriggan
   127 | D:1      | Reached XP level 2. HP: 27/27 MP: 1/1
   141 | D:1      | Reached skill level 4 in Long Blades
   682 | D:1      | Reached XP level 3. HP: 31/33 MP: 2/2
  1103 | D:2      | Reached XP level 4. HP: 16/41 MP: 3/3
  1461 | D:2      | Reached ** piety under Trog
  1617 | D:2      | Reached skill level 5 in Long Blades
  2127 | D:3      | Reached skill level 1 in Polearms
  2181 | D:3      | Found a faded altar of an unknown god.
  2218 | D:3      | Reached XP level 5. HP: 45/47 MP: 4/4
  2587 | D:3      | Found a faded altar of an unknown god.
  2592 | D:3      | Found an ornate altar of the Wu Jian Council.
  3371 | D:4      | Reached skill level 5 in Fighting
  3479 | D:4      | Reached XP level 6. HP: 55/56 MP: 5/5
  3729 | D:4      | Reached skill level 6 in Long Blades
  3876 | D:5      | Entered Level 5 of the Dungeon
  4021 | D:5      | Noticed Edmund
  4039 | D:5      | Reached XP level 7. HP: 7/61 MP: 6/6
  4046 | D:5      | Slain by Edmund

Illustrated notes

Levels and vault maps discovered:
D:1:      shiori_arrival_whats_in_store_for_you, layout_basic
D:2:      layout_rooms
D:3:      layout_loops_cross, nicolae_overflow_ecumenical_swirl,
          nicolae_ecumenical_lake_church, hangedman_glass_teeth,
          minmay_misc_feat_pillars, kennysheep_potato
D:4:      layout_basic
D:5:      layout_basic, mainiacjoe_overflow_six_doors_small,
          minmay_temple_entry_poolview, nrook_uturn, grunt_decor_fettered,
          uniq_edmund

Skill      XL: |  1  2  3  4  5  6 |
---------------+-------------------+-----
Long Blades    | 4 5 6 |  6.6
Fighting       | 4 5 |  5.3
Armour         | 3 4 |  4.8
Polearms       | 1 |  1.1
Dodging        | 3 |  3.7

Action                   |  1- 3 |  4- 6 |  7- 9 || total
-------------------------+-------+-------+-------++-------
Melee: Falchion          |    64 |   141 |     1 ||   206
       Headbutt          |     3 |    25 |       ||    28
       Punch             |     1 |     1 |       ||     2
       Halberd           |       |    38 |       ||    38
Invok: Berserk           |     1 |     1 |       ||     2
  Use: Scroll            |       |     7 |       ||     7
       Potion            |       |     4 |     2 ||     6
Armor: Ring mail         |    29 |   112 |       ||   141
Dodge: Dodged            |    46 |   133 |     2 ||   181

Table legend: (Time is in decaauts)
 A = Elapsed time spent in this place.
 B = Non-inter-level travel time spent in this place.
 C = Inter-level travel time spent in this place.
 D = Time resting spent in this place.
 E = Time spent auto-exploring this place.
 F = Levels seen in this place.
 G = Mean time per level.
                   A        B        C        D        E       F      G
               +--------+--------+--------+--------+--------+-----+--------+
         Total |   4077 |   4077 |      0 |    174 |   2717 |   5 |  815.4 |
       Dungeon |   4077 |   4077 |      0 |    174 |   2717 |   5 |  815.4 |
               +--------+--------+--------+--------+--------+-----+--------+

Top non-repeatable levels by time:
     D:4: 1107 daAuts
     D:1: 1084 daAuts
     D:3: 1024 daAuts
     D:2: 694 daAuts
     D:5: 167 daAuts
